 Dungeon Crawl Stone Soup version 0.27-a0-679-g77a6b55cf3 (webtiles) character file.

Game seed: 8720616188801936619

18 Lanoc the Skirmisher (level 2, 0/24 HPs)
             Began as a Formicid Berserker on Mar 18, 2021.
             Was a Follower of Trog.
             Slain by an orc
             ... wielding a +0 whip
              (5 damage)
             ... on level 3 of the Dungeon.
             The game lasted 00:00:47 (768 turns).

Lanoc the Skirmisher (Formicid Berserker)            Turns: 768, Time: 00:00:48

Health: 0/24       AC:  2    Str: 21    XL:     2   Next: 85%
Magic:  2/2        EV: 12    Int:  6    God:    Trog [*.....]
Gold:   7          SH:  0    Dex: 10    Spells: 1/1 levels left

rFire    . . .     SeeInvis +   a - +0 falchion
rCold    . . .     Faith    .   (no shield)
rNeg     . . .     Spirit   .   b - +0 animal skin
rPois    .         Reflect  .   (helmet unavailable)
rElec    .         Harm     .   (no cloak)
rCorr    .         Rampage  .   (no gloves)
Will     .....                  (no boots)
Stlth    +.........             (no amulet)
HPRegen  0.08/turn              (no ring)
MPRegen  0.08/turn              (no ring)

@: no status effects
A: permanent stasis, dig shafts and tunnels, antennae 3, four strong arms
a: Dig, Shaft Self, Renounce Religion


You were on level 3 of the Dungeon.
You worshipped Trog.
Trog was aware of your devotion.
You visited 1 branch of the dungeon, and saw 3 of its levels.

You collected 7 gold pieces.

Inventory:

Hand Weapons
 a - a +0 falchion (weapon)
Armour
 b - a +0 animal skin (worn)
Scrolls
 c - a scroll of enchant armour {unknown}
 d - a scroll of magic mapping {unknown}


   Skills:
 + Level 3.5 Fighting
 * Level 3.3 Long Blades
 + Level 2.4 Armour
 + Level 2.0 Dodging


You had one spell level left.
You didn't know any spells.
Your spell library was empty.

Dungeon Overview and Level Annotations

Branches:
Dungeon (3/15)

Altars:


Innate Abilities, Weirdness & Mutations

You cannot be hasted, slowed, berserked, paralysed or teleported.
You can dig through walls and to a lower floor.
You have a pair of large antennae on your head. (SInv)
Your four strong arms can wield two-handed weapons with a shield.


Message History

Trog accepts your kill.
No target in view!
No target in view!
HP restored.
Things that are here:
a +0 whip; a kobold corpse A hobgoblin comes into view.
It is wielding a +0 club.
The hobgoblin shouts!
You see here a +0 ring mail.
The hobgoblin closely misses you.
You riposte.
You hit the hobgoblin.
You kill the hobgoblin!
Trog accepts your kill.
No target in view!
No target in view!
No target in view!
No target in view!
No target in view!
No target in view!
No target in view!
No target in view!
An orc comes into view. It is wielding a +0 whip.
Things that are here:
a +0 club; a hobgoblin corpse An orc is nearby!
The orc shouts!
The orc hits you with a +0 whip.
You hit the orc but do no damage. The orc hits you with a +0 whip.
You completely miss the orc. The orc hits you with a +0 whip!
You are too injured to fight recklessly!
You are too injured to fight recklessly!
You are too injured to fight recklessly!
You barely miss the orc. The orc closely misses you.
You closely miss the orc. The orc hits you with a +0 whip.
* * * LOW HITPOINT WARNING * * *
Things that are here:
a +0 club; a hobgoblin corpse You closely miss the orc.
The orc cheers loudly.
The orc hits you with a +0 whip.
You die...

#.# ..# #.# ... ####.#
#.#### #.##.# #.##.##
.....#######.#...####...
....†...).....).....'...
...#########.#...####...
......# .......[#
##.##.# #.##.###@# ..# #
# #.# #o# .## ... #.# #.
#... #)# #. #... #.# #.#
........# ###.#....
#.###.


You could see an orc.

Vanquished Creatures
  A worm (D:3)
  A dart slug (D:3)
  4 goblins
  2 hobgoblins
  2 frilled lizards (D:3)
  2 kobolds (D:3)
  A rat (D:1)
13 creatures vanquished.

Vanquished Creatures (others)
  15 plants (D:3)
  5 toadstools (D:1)
20 creatures vanquished.

Grand Total: 33 creatures vanquished

Notes
Turn   | Place    | Note
-------+----------+-------------------------------------------
     0 | D:1      | Lanoc the Formicid Berserker began the quest for the Orb.
     0 | D:1      | Reached XP level 1. HP: 18/18 MP: 1/1
   313 | D:1      | Reached XP level 2. HP: 15/24 MP: 2/2
   768 | D:3      | Slain by an orc

Illustrated notes

Levels and vault maps discovered:
D:1:      ldierk_walled_garden, layout_basic, grunt_decor_junction,
          minmay_tetromino_i4
D:2:      layout_rooms, lemuel_doored_altar, nicolae_gozag_seed_capital,
          eat_drink_and_be_merry_uskayaw, tgw_xom
D:3:      layout_loops_corners, nicolae_wu_jian_immortal_techniques,
          st_stairs_14, serial_bayou_pond_c

Skill      XL: |  1  2 |
---------------+-------+-----
Dodging        | 2 |  2.0
Fighting       | |  3.5
Long Blades    | |  3.3
Armour         | |  2.4

Action                   || total
-------------------------++-------
Melee: Falchion          ||    49
Armor: Animal skin       ||     6
Dodge: Dodged            ||    22
       Rpst.: Falchion   ||     4

Table legend: (Time is in decaauts)
 A = Elapsed time spent in this place.
 B = Non-inter-level travel time spent in this place.
 C = Inter-level travel time spent in this place.
 D = Time resting spent in this place.
 E = Time spent auto-exploring this place.
 F = Levels seen in this place.
 G = Mean time per level.
                   A        B        C        D        E       F      G
               +--------+--------+--------+--------+--------+-----+--------+
         Total |    775 |    766 |      9 |      0 |    644 |   3 |  258.3 |
       Dungeon |    775 |    766 |      9 |      0 |    644 |   3 |  258.3 |
               +--------+--------+--------+--------+--------+-----+--------+

Top non-repeatable levels by time:
     D:1: 325 daAuts
     D:3: 294 daAuts
     D:2: 155 daAuts
